 Dungeon Crawl Stone Soup version 0.23.0 (webtiles) character file.

Game seed: 9416475242044398973

49 grisnicke the Shooter (level 3, 0/29 HPs)
             Began as a Centaur Arcane Marksman on Feb 8, 2019.
             Succumbed to an adder's poison
             ... on level 2 of the Dungeon.
             The game lasted 00:08:01 (1347 turns).

grisnicke the Shooter (Centaur Arcane Marksman)     Turns: 1347, Time: 00:08:02

Health: 0/29       AC:  4    Str: 18    XL:     3   Next: 53%
Magic:  4/4        EV:  9    Int: 12    God:
Gold:   71         SH:  0    Dex:  9    Spells: 4/4 levels left

rFire    . . .     SeeInvis .   b - +0 club
rCold    . . .     Gourm    .   (no shield)
rNeg     . . .     Faith    .   p - +0 leather armour
rPois    .         Spirit   .   (no helmet)
rElec    .         Reflect  .   (no cloak)
rCorr    .         Harm     .   (no gloves)
MR       .....                  (no barding)
Stlth    +.........             q - amulet of inaccuracy (curse)
HPRegen  0.09/turn              h - ring of stealth {Stlth+}
MPRegen  0.09/turn              (no ring)

@: mighty, lethally poisoned (0 -> -17), very quick
A: large, hooves 3, deformed body, speed 2, tough skin 3
a: no special abilities


You were on level 2 of the Dungeon.
You were not hungry.

You visited 1 branch of the dungeon, and saw 3 of its levels.

You collected 71 gold pieces.

Inventory:

Hand Weapons
 a - a +1 shortbow
 b - a +0 club (weapon)
   (You took it off a hobgoblin on level 1 of the Dungeon)
 k - a +0 spear
   (You found it on level 2 of the Dungeon)
Missiles
 i - 4 stones (quivered)
 l - 10 arrows
Armour
 f - a +0 robe
 m - a +0 plate armour
   (You took it off a goblin on level 2 of the Dungeon)
 o - a +0 chain mail
   (You found it on level 1 of the Dungeon)
 p - a +0 leather armour (worn)
   (You found it on level 1 of the Dungeon)
Jewellery
 h - a ring of stealth (left hand) {Stlth+}
   (You found it on level 1 of the Dungeon)
 q - a cursed amulet of inaccuracy (around neck)
   (You found it on level 1 of the Dungeon)
Scrolls
 n - a scroll of amnesia
Potions
 g - a potion of cancellation
 j - 2 potions of brilliance
Comestibles
 c - 9 chunks of flesh {@w0}
 e - 4 rations


   Skills:
 + Level 2.0 Fighting
 * Level 4.6 Bows
 - Level 1.3 Dodging
 - Level 1.0 Spellcasting
   Level 2.6 Hexes


You had 4 spell levels left.
You didn't know any spells.
Your spell library contained the following spells:

 Spells                   Type           Power        Failure   Level  Hunger
 Corona                   Hex            #......      12%         1    ##.....
 Slow                     Hex            #.......     19%         2    ###....
 Inner Flame              Hex/Fire       #.......     52%         3    ####...
 Portal Projectile        Hex/Tloc       #.....       52%         3    ####...
 Cause Fear               Hex            #.........   75%         4    #####..
 Leda's Liquefaction      Hex/Erth       #.........   90%         4    #####..


Dungeon Overview and Level Annotations

Branches:
Dungeon (3/15)

Altars:
Fedhas

Annotations:
D:1 exclusion: 2 downstairs
D:2 Sigmund
D:3 Robin


Innate Abilities, Weirdness & Mutations

You have hooves in place of feet.
Armour fits poorly on your strangely shaped body.
You cover ground very quickly.
You have extremely tough skin. (AC +3)


Message History

There isn't anything to butcher here.
There is a stone staircase leading down here.
You start resting.
Health restored: 29 You climb downwards.
Level annotation: Robin A goblin and a hobgoblin come into view.
The goblin shouts!
You hear a shout!
The hobgoblin shouts!
You hear a shout!
The goblin hits you but does no damage. The adder closely misses you.
A goblin comes into view. It is wielding a +0 club.
A hobgoblin comes into view. It is wielding a +0 club.
The goblin closely misses you. The adder barely misses you.
You hear a shout!
There is a stone staircase leading up, spattered with blood here.
You hear a shout!
The adder bites you. The goblin hits you but does no damage.
You climb upwards.
Level annotation: Sigmund
There is a stone staircase leading down here.
You take 4 damage, and have 25/29 hp.
You barely miss the adder. Your kick misses the adder.
The adder barely misses you. The goblin barely misses you. The adder bites you.
You are poisoned.
The adder poisons you!
You take 2 damage, and have 23/29 hp.
You feel sick.
Things that are here:
a cursed -1 club; a goblin skeleton You take 1 damage, and have 22/29 hp.
You feel sick.
You take 1 damage, and have 21/29 hp.
a - a +1 shortbow (weapon)
Firing (i - inventory. (/) - cycle)
l - 16 arrows (quivered)
Aim: a goblin, wielding a +0 dagger You shoot an arrow.
The arrow misses the adder.
The arrow closely misses the goblin.
You feel sick. The adder barely misses you.
You take 1 damage, and have 21/29 hp.
Firing (i - inventory. (/) - cycle)
l - 15 arrows (quivered)
Aim: a goblin, wielding a +0 dagger You shoot an arrow.
The arrow misses the adder.
The adder completely misses you.
Firing (i - inventory. (/) - cycle)
l - 14 arrows (quivered)
Aim: an adder You shoot an arrow.
The arrow completely misses the adder.
The adder misses you. The adder bites you.
You are more poisoned.
The adder poisons you!
You take 1 damage, and have 20/29 hp.
Firing (i - inventory. (/) - cycle)
l - 13 arrows (quivered)
Aim: an adder You shoot an arrow.
The arrow barely misses the adder.
You feel sick. The adder closely misses you.
You take 1 damage, and have 19/29 hp.
Firing (i - inventory. (/) - cycle)
l - 12 arrows (quivered)
Aim: an adder You shoot an arrow.
The arrow closely misses the adder.
The adder bites you.
You take 1 damage, and have 18/29 hp.
Firing (i - inventory. (/) - cycle)
l - 11 arrows (quivered)
Aim: an adder You shoot an arrow.
The arrow misses the adder.
You feel sick. The adder bites you.
You are more poisoned.
The adder poisons you! The adder closely misses you.
You take 5 damage, and have 13/29 hp.
You are too injured to fight recklessly!
You feel very mighty all of a sudden.
You feel sick. The adder bites you but does no damage.
You take 1 damage, and have 12/29 hp.
b - a +0 club (weapon)
The adder barely misses you.
Unknown command.
Unknown command.
You miss the adder. Your kick misses the adder.
You feel sick. The adder completely misses you.
You take 1 damage, and have 11/29 hp.
You closely miss the adder. Your kick misses the adder.
You feel sick. The adder barely misses you. The adder bites you.
* * * LOW HITPOINT WARNING * * *
You take 4 damage, and have 7/29 hp.
You closely miss the adder.
* * * LOW HITPOINT WARNING * * *
You feel sick. The adder closely misses you.
The adder bites you but does no damage.
You hit the adder. Your kick misses the adder.
* * * LOW HITPOINT WARNING * * *
You feel sick. The adder bites you but does no damage.
You take 1 damage, and have 6/29 hp.
You closely miss the adder. Your kick misses the adder.
* * * LOW HITPOINT WARNING * * *
You feel sick. The adder bites you.
* * * LOW HITPOINT WARNING * * *
You are more poisoned.
The adder poisons you! The adder bites you.
* * * LOW HITPOINT WARNING * * *
You are more poisoned.
The adder poisons you!
You take 5 damage, and have 1/29 hp.
You barely miss the adder. Your kick misses the adder.
You die...

.. .. ......... ... .
...#....# ....
........### .......
#.......# .......
#####...# ....... ###.#
....... #.# .......
...#######.# ...)...
........@Sg(#
....#.....##.######.#####
......... ... #..g......#
..####.####.. #..)......#
..##.....##.# #.>.......#
..#.......#.#
#รท........#
..#.......#.###.........#
......_.................#
..#.......#.#############


You could see an adder and a goblin.

Vanquished Creatures
  An adder (D:2)
  4 dart slugs
  A leopard gecko (D:1)
  An orc (D:2)
  A giant cockroach (D:1)
  2 goblins (D:2)
  8 hobgoblins
  2 kobolds (D:1)
  4 bats (D:1)
  3 frilled lizards (D:1)
  2 rats
  A plant (D:1)
30 creatures vanquished.

Notes
Turn   | Place    | Note
-------+----------+-------------------------------------------
     0 | D:1      | grisnicke the Centaur Arcane Marksman began the quest for
                  | the Orb.
     0 | D:1      | Reached XP level 1. HP: 16/16 MP: 2/2
    24 | D:1      | Reached skill level 3 in Bows
   178 | D:1      | Reached XP level 2. HP: 23/23 MP: 3/3
   503 | D:1      | Reached skill level 4 in Bows
   879 | D:1      | Reached XP level 3. HP: 23/29 MP: 4/4
   943 | D:2      | Noticed Sigmund
  1112 | D:2      | Found a blossoming altar of Fedhas.
  1129 | D:2      | Reached skill level 2 in Fighting
  1291 | D:3      | Noticed Robin
  1343 | D:2      | HP: 7/29 [adder (3)]
  1346 | D:2      | HP: 3/29 [adder (2)]
  1346 | D:2      | HP: 1/29 [adder (2)]
  1347 | D:2      | Succumbed to an adder's poison

Skill      XL: |  1  2  3 |
---------------+----------+-----
Bows           | 3 4 |  4.6
Fighting       | 2 |  2.0
Dodging        | |  1.3
Spellcasting   | |  1.0
Hexes          | |  2.6

Action                   || total
-------------------------++-------
Melee: Club              ||   140
       Kick              ||    33
       Unarmed           ||    16
 Fire: Shortbow          ||    27
  Use: Scroll            ||     7
       Potion            ||     1
  Eat: Chunk             ||     1
Armor: Robe              ||    28
       Leather armour    ||    26
Dodge: Dodged            ||    87

Levels and vault maps discovered:
D:1:      roderic_crop_circles_arrival_small, layout_rooms, minmay_nonomino_d4
D:2:      kennysheep_the_goblin_king, layout_rooms, old_standard_altar,
          okawaru_metal_pillars_3, chequers_ecumenical_altar_grove,
          uniq_sigmund, uniq_natasha
D:3:      layout_loops_cross, nicolae_overflow_hidden_temple, bloody_trog,
          kennysheep_generic_room_6, uniq_robin

Table legend:
 A = Turns spent in this place as a percentage of turns spent in the entire game.
 B = Non-inter-level travel turns spent in this place as a percentage of non-inter-level travel turns spent in the entire game.
 C = Inter-level travel turns spent in this place as a percentage of turns spent in this place.
 D = Turns resting spent in this place as a percentage of non-inter-level travel turns spent in this place.
 E = Turns spent auto-exploring this place as a percentage of non-inter-level travel turns spent in this place.
 F = Non-inter-level travel turns spent in this place divided by the number of levels of this place that you've seen.
                   A       B       C       D       E      F
               +-------+-------+-------+-------+-------+----------------------
         Total | 100.0 | 100.0 |   4.0 |  14.8 |  43.5 | 431.0
       Dungeon | 100.0 | 100.0 |   4.0 |  14.8 |  43.5 | 431.0
               +-------+-------+-------+-------+-------+----------------------

Table legend:
 A = Kills in this place as a percentage of kills in entire the game.
 B = Kills by you in this place as a percentage of kills by you in the entire game.
 C = Kills by friends in this place as a percentage of kills by friends in the entire game.
 D = Other kills in this place as a percentage of other kills in the entire game.
 E = Experience gained in this place as a percentage of experience gained in the entire game.
 F = Experience gained in this place divided by the number of levels of this place that you have seen.
                   A       B       C       D       E      F
               +-------+-------+-------+-------+-------+----------------------
         Total | 100.0 | 100.0 |   N/A |   N/A | 100.0 |  23.7
       Dungeon | 100.0 | 100.0 |   N/A |   N/A | 100.0 |  23.7
               +-------+-------+-------+-------+-------+----------------------
